 Dungeon Crawl Stone Soup version 0.26-a0-642-g67e99244d3 (webtiles) character file.

Game seed: 2781214144852719551

68 PentaManta the Chopper (level 4, -1/37 HPs)
             Began as a Formicid Abyssal Knight on Sept 21, 2020.
             Was a Follower of Lugonu.
             Slain by an adder (4 damage)
             ... on level 2 of the Dungeon.
             The game lasted 00:02:57 (1683 turns).

PentaManta the Chopper (Formicid Abyssal Knight)    Turns: 1683, Time: 00:02:58

Health: -1/37      AC:  5    Str: 18    XL:     4   Next: 41%
Magic:  5/5        EV: 10    Int: 11    God:    Lugonu [*.....]
Gold:   43         SH:  0    Dex: 10    Spells: 3/3 levels left

rFire    . . .     SeeInvis +   a - +1 hand axe
rCold    . . .     Faith    .   (no shield)
rNeg     . . .     Spirit   .   f - +0 ring mail
rPois    .         Reflect  .   (helmet unavailable)
rElec    .         Harm     .   (no cloak)
rCorr    .         Rampage  .   (no gloves)
MR       .....                  (no boots)
Stlth    ..........             (no amulet)
HPRegen  0.12/turn              (no ring)
MPRegen  0.09/turn              (no ring)

@: lethally poisoned (-1 -> -6), flying
A: permanent stasis, dig shafts and tunnels, four strong arms, antennae 3
a: Dig, Shaft Self, Depart the Abyss, Renounce Religion


You were on level 2 of the Dungeon.
You worshipped Lugonu.
Lugonu was aware of your devotion.
You visited 1 branch of the dungeon, and saw 2 of its levels.
You visited the Abyss 1 time.

You collected 43 gold pieces.

Inventory:

Hand Weapons
 a - a +1 hand axe (weapon)
 g - a +0 vampiric dagger
 k - a +2 whip of freezing
Missiles
 i - 5 poisoned darts (quivered)
Armour
 b - a +0 leather armour
 d - a cursed +0 chain mail
 f - a +0 ring mail (worn)
Jewellery
 c - an uncursed amulet of regeneration {unknown}


   Skills:
 - Level 3.7 Fighting
 + Level 4.0 Axes
 - Level 2.2 Armour
 - Level 0.8 Dodging
 - Level 2.3 Invocations


You had 3 spell levels left.
You didn't know any spells.
Your spell library was empty.

Dungeon Overview and Level Annotations

Branches:
Dungeon (2/15)

Altars:


Innate Abilities, Weirdness & Mutations

You cannot be hasted, slowed, berserked, paralysed or teleported.
You can dig through walls and to a lower floor.
Your four strong arms can wield two-handed weapons with a shield.
You have a pair of large antennae on your head. (SInv)


Message History

You are more poisoned.
The adder poisons you!
Okay, then.
As you read the scroll labeled ADAUNAKEAS, it crumbles to dust.
You feel aware of your surroundings.
It was a scroll of magic mapping.
The adder bites you.
* * * LOW HITPOINT WARNING * * *
Unknown command.
As you read the scroll of magic mapping, it crumbles to dust.
You feel momentarily disoriented.
* * * LOW HITPOINT WARNING * * *
You feel sick. The jackal bites you.
* * * LOW HITPOINT WARNING * * *
The adder barely misses you.
The jackal bites you but does no damage.
As you read the scroll labeled DEPERE QELOHO, it crumbles to dust.
You feel a strange sense of stasis.
It was a scroll of teleportation.
* * * LOW HITPOINT WARNING * * *
You feel sick. The adder bites you.
You die...

,*,* ##...## #.........# ,*,*
##.....####.######..# ,*,*
#.....†.....######..# ,*,*
##....†#............#***** ,*,*
##...##.#########.##,,,,, ,*,*
##..##.# ##.#*,**** ,*,* #...##.#
###..#*,* ,*,*
#.#.##h######...##*,*
,*.#######.....S@........# #.#
,,.........############..###.####
**.#######.# #..#....... *,* #.#
####..<...#*** *,*
#.#*****###.....###.# *,*
#.#,,,,,........# #.# *,*
#.#,,,,,........###.#
*,******#.#,,,**###.....).†.#
*,,,,,,,...,,,* #..^..<.###


You could see an adder and a jackal.

Vanquished Creatures
  A hound (D:2)
  An ooze (D:1)
  3 giant cockroaches
  4 goblins
  4 hobgoblins
  5 jackals
  2 ball pythons (D:1)
  4 frilled lizards
  5 kobolds (D:1)
  3 rats (D:1)
32 creatures vanquished.

Notes
Turn   | Place    | Note
-------+----------+-------------------------------------------
     0 | Abyss:1  | PentaManta the Formicid Abyssal Knight began the quest for
                  | the Orb.
     0 | Abyss:1  | Reached XP level 1. HP: 18/18 MP: 2/2
     7 | Abyss:1  | Found a viscous altar of Jiyva.
    10 | Abyss:1  | Noticed a small abomination
    56 | Abyss:1  | Noticed an orange demon
    57 | Abyss:1  | Noticed a small abomination
    72 | D:1      | Escaped the Abyss
   327 | D:1      | Reached XP level 2. HP: 20/25 MP: 3/3
   327 | D:1      | Reached * piety under Lugonu
   754 | D:1      | Reached XP level 3. HP: 30/30 MP: 4/4
   907 | D:1      | Reached skill level 3 in Axes
  1374 | D:2      | Reached XP level 4. HP: 16/37 MP: 5/5
  1662 | D:2      | Reached skill level 4 in Axes
  1683 | D:2      | Slain by an adder

Illustrated notes

Levels and vault maps discovered:
D:1:      denvon_arrival_planthouse, layout_basic
D:2:      layout_loops_ring, uniq_terence

Skill      XL: |  1  2  3  4 |
---------------+-------------+-----
Axes           | 3 4 |  4.0
Fighting       | |  3.7
Armour         | |  2.2
Dodging        | |  0.8
Invocations    | |  2.3

Action                   |  1- 3 |  4- 6 || total
-------------------------+-------+-------++-------
Melee: Hand axe          |    44 |    39 ||    83
       Whip              |    18 |     1 ||    19
Invok: Depart the Abyss  |     1 |       ||     1
  Use: Scroll            |       |     3 ||     3
       Potion            |       |     2 ||     2
Armor: Leather armour    |     2 |       ||     2
       Ring mail         |    29 |    21 ||    50
Dodge: Dodged            |    42 |    36 ||    78

Table legend: (Time is in decaauts)
 A = Elapsed time spent in this place.
 B = Non-inter-level travel time spent in this place.
 C = Inter-level travel time spent in this place.
 D = Time resting spent in this place.
 E = Time spent auto-exploring this place.
 F = Levels seen in this place.
 G = Mean time per level.
                   A        B        C        D        E       F      G
               +--------+--------+--------+--------+--------+-----+--------+
         Total |   1694 |   1619 |     75 |    509 |    805 |   3 |  564.7 |
       Dungeon |   1622 |   1547 |     75 |    509 |    795 |   2 |  811.0 |
         Abyss |     72 |     72 |      0 |      0 |     10 |   1 |   72.0 |
               +--------+--------+--------+--------+--------+-----+--------+

Top non-repeatable levels by time:
     D:1: 1294 daAuts
     D:2: 327 daAuts
 Abyss:1: 72 daAuts
